 Dungeon Crawl Stone Soup version 0.30.1-11-g7821555f0a (webtiles) character file.

Game seed: 15460331534071002430

324 porpoise the Skirmisher (level 6, 0/34 HPs)
             Began as a Deep Elf Hunter on Dec 12, 2023.
             Slain by an ogre
             ... wielding a +0 giant club
              (17 damage)
             ... on level 4 of the Dungeon.
             The game lasted 00:07:20 (2225 turns).

porpoise the Skirmisher (Deep Elf Hunter)           Turns: 2225, Time: 00:07:21

Health: 0/34       AC:  7    Str:  8    XL:     6   Next: 23%
Magic:  8/8        EV: 12    Int: 14    God:
Gold:   188        SH:  0    Dex: 20    Spells: 5/5 levels left

rFire   . . .        a - +0 shortbow
rCold   . . .        (shield currently unavailable)
rNeg    . . .        c - +0 leather armour
rPois   .            q - +0 helmet
rElec   .            v - +2 cloak {Will+}
rCorr   .            (no gloves)
SInv    .            (no boots)
Will    +....        (no amulet)
Stlth   +++          (no ring)
HPRegen 0.25/turn    (no ring)
MPRegen 0.11/turn

%: no passive effects
@: no status effects
A: no striking features
a: no special abilities


You were on level 4 of the Dungeon.
You visited 1 branch of the dungeon, and saw 4 of its levels.

You collected 188 gold pieces.

Inventory:

Hand Weapons
 a - a +0 shortbow (weapon)
 b - a +1 dagger of venom
 u - a +3 hammer
Missiles
 n - 5 atropa-tipped darts
Armour
 c - a +0 leather armour (worn)
 q - a +0 helmet (worn)
 v - a +2 cloak of willpower (worn)
Jewellery
 o - an amulet of faith
Wands
 s - a wand of charming (2)
Scrolls
 d - a scroll of teleportation
 e - 2 scrolls of immolation
 f - a scroll of fear {unknown}
 g - a scroll of poison {unknown}
 h - a scroll of enchant weapon {unknown}
 i - a scroll of identify
 j - a scroll of fog
 l - a scroll of amnesia {unknown}
 r - a scroll of blinking
Potions
 k - 2 potions of curing
 m - 2 potions of mutation
 p - 2 potions of brilliance
 t - a potion of attraction {unknown}
 w - a potion of degeneration {unknown}


   Skills:
 - Level 1.5 Fighting
 * Level 8.6 Ranged Weapons
 - Level 2.7 Dodging
 + Level 4.7 Stealth


You had 5 spell levels left.
You didn't know any spells.
Your spell library contained the following spells:

 Spells                   Type           Power      Damage    Failure   Level
 Call Canine Familiar     Summ           0%         N/A       77%         3
 Portal Projectile        Hex/Tloc       0%         N/A       77%         3
 Leda's Liquefaction      Hex/Erth       0%         N/A       99%         4


Dungeon Overview and Level Annotations

Branches:
Dungeon (4/15)
 Temple: D:4-7

Altars:
Xom


Message History

The quokka bites you but does no damage.
You shoot an arrow. The arrow hits the quokka.
You kill the quokka!
You shoot an arrow.
The arrow hits the hound but does no damage.
The hound barely misses you.
You shoot an arrow. The arrow hits the hound!
The hound is heavily wounded.
The hound bites you but does no damage. The hound closely misses you.
You shoot an arrow. The arrow hits the hound!
The hound is almost dead.
The hound bites you but does no damage. The hound bites you.
You shoot an arrow. The arrow hits the hound.
You kill the hound!
You start resting.
You start resting.
HP restored.
e - 2 scrolls of immolation (gained 1)
Found a stone staircase leading down.
You open the door.
An ogre comes into view. It is wielding a +0 giant club.
You shoot an arrow. The arrow hits the ogre!
The ogre is moderately wounded.
You shoot an arrow.
The arrow hits the ogre but does no damage.
The ogre is moderately wounded.
You shoot an arrow. The arrow hits the ogre.
The ogre is moderately wounded.
You shoot an arrow. The arrow hits the ogre.
The ogre is heavily wounded.
You shoot an arrow. The arrow hits the ogre.
The ogre is severely wounded.
The ogre hits you with a +0 giant club!
Ouch! That really hurt!
You are too injured to fight recklessly!
You shoot an arrow. The arrow hits the ogre!
The ogre is almost dead.
The ogre hits you with a +0 giant club!
Ouch! That really hurt!
You die...

. ...................
.............####.#
#######+###..####.######
#.....##.............
.....##..###..######
....##..# #..# ... #..#
#..###### ###O###..#
#.......( #..@.....#
#..###### #........#
#..###### #.#.###..#
#........ #.#.# #..#
#..###### #.#.#
#..###..#
#...###.......#
..........##..#
#..#####..##..# .>.#
#..##..#


You could see an ogre.

Vanquished Creatures
  Grinder (D:4)
  A hound (D:4)
  Crazy Yiuf (D:3)
  2 adders (D:2)
  A worm (D:2)
  A dart slug (D:1)
  An orc (D:3)
  4 endoplasms
  4 giant cockroaches
  8 hobgoblins
  5 quokkas
  4 ball pythons
  6 bats
  4 frilled lizards
  A kobold (D:3)
  5 rats
49 creatures vanquished.

Notes
Turn   | Place    | Note
-------+----------+-------------------------------------------
     0 | D:1      | porpoise the Deep Elf Hunter began the quest for the Orb.
     0 | D:1      | Reached XP level 1. HP: 12/12 MP: 3/3
    88 | D:1      | Reached XP level 2. HP: 16/16 MP: 4/4
   364 | D:1      | Reached skill level 6 in Ranged Weapons
   461 | D:1      | You fall into a shaft and drop 1 floor!
   631 | D:2      | Reached XP level 3. HP: 20/20 MP: 5/5
   799 | D:2      | Found a shimmering altar of Xom.
  1495 | D:3      | Found a runed translucent door.
  1496 | D:3      | Noticed Crazy Yiuf
  1533 | D:3      | Reached XP level 4. HP: 25/25 MP: 6/6
  1801 | D:3      | HP: 1/25 [Crazy Yiuf/+2 quarterstaff of chaos (16)]
  1802 | D:3      | Killed Crazy Yiuf
  1803 | D:3      | Reached skill level 7 in Ranged Weapons
  2024 | D:4      | Noticed Grinder
  2040 | D:4      | Killed Grinder
  2041 | D:4      | Reached skill level 8 in Ranged Weapons
  2041 | D:4      | Reached XP level 5. HP: 7/29 MP: 7/7
  2041 | D:4      | Reached XP level 6. HP: 8/34 MP: 8/8
  2225 | D:4      | Slain by an ogre

Illustrated notes

Levels and vault maps discovered:
D:1:      kennysheep_arrival_seaside, layout_rooms, st_stairs_12, nicolae_titane
D:2:      layout_basic, basic_altar, grunt_ministairs_15, minmay_tiny_reverse_x
D:3:      minmay_evil_eye, layout_rooms, corexii_item_surrounded_by_moat,
          uniq_crazy_yiuf_cottage
D:4:      layout_basic, serial_shops, nicolae_shop_crystal,
          chequers_serial_rivers_micro_c, uniq_sigmund, uniq_grinder

Skill      XL: |  1  2  3  4 |
---------------+-------------+-----
Stealth        | 2 4 |  4.7
Ranged Weapons | 6 8 |  8.6
Fighting       | |  1.5
Dodging        | |  2.7

Action                     |  1- 3 |  4- 6 || total
---------------------------+-------+-------++-------
   Fire: Shortbow          |   111 |    39 ||   150
    Use: Scroll            |     3 |     3 ||     6
 Armour: Leather armour    |    11 |     3 ||    14
  Dodge: Dodged            |    27 |     9 ||    36
